 Dungeon Crawl Stone Soup version 0.20.1-1-g8b1a95d (webtiles) character file.

72 Mesmaeker13 the Digger (level 3, -7/26 HPs)
             Began as a Demigod Earth Elementalist on July 30, 2017.
             Killed by divine providence
             ... invoked by an orc priest
              (13 damage)
             ... on level 3 of the Dungeon.
             The game lasted 00:03:06 (2137 turns).

Mesmaeker13 the Digger (Demigod Earth Elementalist) Turns: 2137, Time: 00:03:07

Health: -7/26      AC:  3    Str: 11    XL:     3   Next: 80%
Magic:  1/9        EV: 13    Int: 21    God:
Gold:   100        SH:  0    Dex: 16    Spells: 3/7 levels left

rFire    . . .     SeeInvis .   i - +0 short sword
rCold    . . .     Gourm    .   (no shield)
rNeg     . . .     Faith    .   c - +0 robe
rPois    .         Spirit   .   q - +0 helmet
rElec    .         Reflect  .   (no cloak)
rCorr    .         Harm     .   (no gloves)
MR       .....                  (no boots)
Stlth    ++........             (no amulet)
Regen    0.1/turn               (no ring)
MPRegen  0.2/turn               (no ring)

@: very slightly contaminated
A: high mp 1
a: no special abilities


You were on level 3 of the Dungeon.
You were not hungry.

You visited 1 branch of the dungeon, and saw 3 of its levels.

You collected 100 gold pieces.

Inventory:

Hand Weapons
 i - a +0 short sword (weapon)
Missiles
 b - 36 stones (quivered)
Armour
 c - a +0 robe (worn)
 h - a +0 shield
 q - a +0 helmet (worn)
Scrolls
 k - a scroll of fear {unknown}
 l - 2 scrolls of remove curse {unknown}
 o - a scroll of teleportation {unknown}
 s - 2 scrolls of identify {unknown}
 u - a scroll of enchant weapon {unknown}
Potions
 a - a potion of heal wounds {unknown}
 g - 3 potions of curing {unknown}
 j - a potion of flight {unknown}
 m - a potion of might {unknown}
 t - a potion of resistance {unknown}
Books
 e - a book of Geomancy

   Spells                             Type                      Level
   a - Sandblast                      Earth                        1
   b - Passwall                       Transmutation/Earth          2
   c - Stone Arrow                    Conjuration/Earth            3
   d - Petrify                        Transmutation/Earth          4
   e - Lee's Rapid Deconstruction     Earth                        5
Comestibles
 d - a bread ration
 f - 3 fruits
 n - 2 chunks of flesh
 p - a meat ration
 r - a royal jelly


   Skills:
 + Level 2.7 Dodging
 - Level 1.7 Stealth
 + Level 2.6 Spellcasting
   Level 0.8 Transmutations
 + Level 3.2 Earth Magic


You had 3 spell levels left.
You knew the following spells:

 Your Spells              Type           Power        Failure   Level  Hunger
a - Sandblast             Erth           ###...       3%          1    None
b - Stone Arrow           Conj/Erth      #.....       22%         3    ###....


Dungeon Overview and Level Annotations

Branches:
Dungeon (3/15)

Annotations:
D:3 Grinder


Innate Abilities, Weirdness & Mutations

You have an increased reservoir of magic. (+10% MP)


Message History

The orc priest is lightly wounded.
b - 37 stones The orc priest mumbles some strange prayers to Beogh against you.
Pain shoots through your body!
Casting: Sandblast
Confirm with . or Enter, or press ? or * to list all spells.
Aiming: Sandblast
Press: ? - help, Shift-Dir - straight line, f/p - orc priest
Aim: an orc priest, wielding a short sword and wearing a chain mail (lightly wounded)
The blast of sand hits the orc priest.
The orc priest is lightly wounded.
b - 36 stones The orc priest hits you with a short sword.
* * * LOW HITPOINT WARNING * * *
Grinder blinks!
There is an escape hatch in the ceiling here.
The orc priest invokes the aid of Beogh against you.
Beogh smites you!
Ouch! That really hurt!
You die...

#.#<.........................
###..........###.######.##....>
.............####.# #.)......#
######)..#######..# #.o###....
#...........## #..# #....
#.#.........######..##.....
...##...........##......####
....##............#5..####
..... #.##...@o........####
.... #............^......#
##.............#....#
#....................
#.....................
..#.#.................
.###.#.........#.......
.....................##
...................###


You could see Grinder and an orc priest.

Vanquished Creatures
  An adder (D:3)
  2 worms (D:2)
  3 dart slugs (D:2)
  A leopard gecko (D:1)
  2 orcs (D:3)
  4 bats
  4 giant cockroaches
  5 goblins
  3 hobgoblins
  3 jackals (D:2)
  A quokka (D:2)
  A ball python (D:2)
  5 frilled lizards
  6 kobolds
  7 rats
48 creatures vanquished.

Vanquished Creatures (others)
  4 toadstools (D:1)
4 creatures vanquished.

Grand Total: 52 creatures vanquished

Notes
Turn   | Place    | Note
-------+----------+-------------------------------------------
     0 | D:1      | Mesmaeker13 the Demigod Earth Elementalist began the quest for the Orb.
     0 | D:1      | Reached XP level 1. HP: 14/14 MP: 5/5
   694 | D:1      | Reached XP level 2. HP: 20/20 MP: 5/7
  1306 | D:2      | Reached skill level 3 in Earth Magic
  1614 | D:2      | Reached XP level 3. HP: 22/26 MP: 9/9
  1733 | D:2      | Learned a level 3 spell: Stone Arrow
  2027 | D:3      | Noticed Grinder
  2137 | D:3      | Killed from afar by an orc priest

Skill      XL: |  1  2 |
---------------+-------+-----
Spellcasting   | 2 |  2.6
Dodging        | 2 |  2.7
Earth Magic    | 3 |  3.2
Stealth        | |  1.7
Transmutations | |  0.8

Action                   || total
-------------------------++-------
Melee: Short sword       ||    65
 Cast: Sandblast         ||    51
 Stab: Sleeping          ||     6
  Eat: Chunk             ||     4
Armor: Robe              ||    16
Dodge: Dodged            ||    46
